 Dungeon Crawl Stone Soup version 0.28-a0-1389-gc726bef33b (webtiles) character file.

Game seed: 8486433253765394582

167995 Ijustatesigmund the Warrior (level 17, -4/172 HPs)
             Began as a Hill Orc Fighter on Dec 27, 2021.
             Was the Champion of Cheibriados.
             Blown up by an orb spider (48 damage)
             ... with an orb of destruction
             ... on level 3 of the Spider Nest on Jan 3, 2022.
             The game lasted 01:10:40 (40871 turns).

Ijustatesigmund the Warrior (Hill Orc Fighter)     Turns: 40871, Time: 01:10:41

Health: -4/172     AC: 29    Str: 39 (42) XL:     17   Next: 93%
Magic:  30/30      EV: 15    Int: 29      God:    Cheibriados [******]
Gold:   2133       SH: 17    Dex: 30 (31) Spells: 16/16 levels left

rFire   + . .      SeeInvis .   a - +2 war axe (vorpal)
rCold   . . .      Faith    .   c - +3 kite shield of Chill Winds {rN++}
rNeg    + + .      Spirit   .   b - +2 chain mail {rPois}
rPois   +          Reflect  .   x - +2 helmet
rElec   .          Harm     .   l - +2 cloak {rF+}
rCorr   .          Rampage  .   U - +0 pair of gloves
Will    +....                   q - +1 pair of boots
Stlth   ..........              S - amulet of the acrobat
HPRegen 0.38/turn               f - +6 ring of strength
MPRegen 0.22/turn               L - +6 ring of dexterity

@: very slow
A: no striking features
a: Renounce Religion, Bend Time, Temporal Distortion, Slouch, Step From Time


You were on level 3 of the Spider Nest.
You worshipped Cheibriados.
Cheibriados was exalted by your worship.
You visited 7 branches of the dungeon, and saw 29 of its levels.
You also visited: Volcano.

You collected 2911 gold pieces.
You spent 778 gold pieces at shops.

Inventory:

Hand Weapons
 a - a +2 vorpal war axe (weapon)
 r - the +5 morningstar of the Wizarding Spider {drain, +Blink rF+}
   (You found it on level 11 of the Dungeon)

   A truly terrible weapon, it drains the life of any living foe it strikes.
   rF:        It protects you from fire.
   +Blink:    It lets you blink.
Missiles
 k - 4 throwing nets
 V - 4 silver javelins (quivered)
Armour
 b - a +2 chain mail of poison resistance (worn)
 c - the +3 kite shield of Chill Winds (worn) {rN++}
   (You found it on level 9 of the Dungeon)

   rN:        It greatly protects you from negative energy.
 g - a +0 helmet of see invisible
 l - a +2 cloak of fire resistance (worn)
 q - a +1 pair of boots (worn)
 x - a +2 helmet (worn)
 P - +0 fire dragon scales
 U - a +0 pair of gloves (worn)
Jewellery
 f - a +6 ring of strength (left hand)
 v - a ring of see invisible
 B - a ring of willpower
 L - a +6 ring of dexterity (right hand)
 M - an amulet of regeneration
 R - the amulet of Maonan {rElec rF+ rC- Regen+}
   (You found it on level 6 of the Lair of Beasts)

   [amulet of regeneration]

   rF:        It protects you from fire.
   rC:        It makes you vulnerable to cold.
   rElec:     It insulates you from electricity.
   Regen:     It increases your rate of health regeneration.
 S - an amulet of the acrobat (around neck)
Wands
 p - a wand of mindburst (9)
 z - a wand of paralysis (15)
 E - a wand of polymorph (9)
 G - a wand of flame (12)
 N - a wand of acid (2)
 T - a wand of iceblast (6)
Scrolls
 m - 2 scrolls of amnesia
 s - 2 scrolls of enchant weapon
 u - 4 scrolls of fog
 y - a scroll of teleportation
 A - 2 scrolls of magic mapping
 J - 2 scrolls of immolation
 O - 2 scrolls of holy word
 Q - 7 scrolls of identify
 Z - a scroll of silence
Potions
 d - 3 potions of might
 e - 12 potions of curing
 h - a potion of resistance
 i - 2 potions of cancellation
 j - 4 potions of flight
 n - 4 potions of invisibility
 o - a potion of heal wounds
 t - 3 potions of brilliance
 w - 3 potions of attraction
 C - a potion of lignification
 D - a potion of berserk rage
 F - 2 potions of ambrosia
 H - 5 potions of mutation
 Y - 2 potions of magic
Miscellaneous
 I - a lightning rod (4/4)


   Skills:
 + Level 20.8 Fighting
 + Level 19.6 Axes
 - Level 2.0 Throwing
 - Level 18.4 Armour
 - Level 6.6 Dodging
 + Level 9.7 Shields
 + Level 19.5 Invocations
 - Level 5.0 Evocations


You had 16 spell levels left.
You didn't know any spells.
Your spell library contained the following spells:

 Spells                   Type           Power      Damage    Failure   Level
 Animate Skeleton         Necr           0%         N/A       43%         1
 Pain                     Necr           0%         1d4       43%         1
 Shock                    Conj/Air       0%         1d3       43%         1
 Blink                    Tloc           0%         N/A       56%         2
 Searing Ray              Conj           0%         2d4       56%         2
 Sublimation of Blood     Necr           0%         N/A       56%         2
 Wereblood                Tmut           0%         N/A       56%         2
 Vampiric Draining        Necr           0%         2d6       80%         3
 Animate Dead             Necr           0%         N/A       99%         4
 Summon Ice Beast         Ice/Summ       0%         N/A       99%         4
 Borgnjor's Vile Clutch   Necr/Erth      0%         N/A       100%        5
 Manifold Assault         Tloc           0%         N/A       100%        5
 Death Channel            Necr           0%         N/A       100%        6
 Spellforged Servitor     Conj/Summ      0%         N/A       100%        7
 Storm Form               Tmut/Air       0%         N/A       100%        7
 Summon Hydra             Summ           0%         N/A       100%        7


Dungeon Overview and Level Annotations

Branches:
Dungeon (15/15)            Temple (1/1) D:4            Lair (6/6) D:9
 Shoals (1/4) Lair:4       Spider (3/4) Lair:4        Slime (0/5) Lair:6
    Orc (2/2) D:11            Elf (0/3) Orc:2        Vaults (0/5) D:13
 Depths (1/4) D:15        Volcano (visited)

Altars:
Ashenzari
Cheibriados
Dithmenos
Elyvilon
Fedhas
Gozag
Hepliaklqana
Kikubaaqudgha
Makhleb
Nemelex Xobeh
Okawaru
Qazlal
Ru
Sif Muna
Trog
Uskayaw
Vehumet
Wu Jian
Xom
Yredelemnul
Zin
The Shining One
Beogh

Shops:
D:5 *   D:8 ?   D:10 ?   D:15 *   Orc:2 (!![


Message History

The sun moth closely misses you.
You slice the sun moth!!
The sun moth is almost dead.
You slash the jumping spider!
You kill the jumping spider!
Cheibriados appreciates the change of pace.
A freezing mist starts to gather...
A jumping spider simulacrum comes into view.
You block the sun moth's attack.
You barely miss the sun moth.
The sun moth is almost dead.
You closely miss the sun moth.
The sun moth is almost dead.
The sun moth is no longer moving slowly.
You block the sun moth's attack.
You slash the sun moth!
You kill the sun moth!
Cheibriados appreciates the change of pace.
You slash the jumping spider simulacrum!
The orb spider begins to weave its threads into a brightly glowing ball.
You block the jumping spider simulacrum's attack.
The jumping spider simulacrum misses you.
Your life force feels restored.
You hit the jumping spider simulacrum but do no damage.
The jumping spider simulacrum is heavily damaged.
You block the jumping spider simulacrum's attack. x2
You slice the jumping spider simulacrum!!
The jumping spider simulacrum vaporises!
The orb spider weaves a glowing orb of energy.
An orb of destruction comes into view.
Okay, then.
Throw: 5 javelins (silver)
Press: ? - help, Q - select action, (/) - cycle Shift-Dir - straight line, f - orb spider
Aim: an orb spider (soul bound, 75% to hit)
You throw a silver javelin.
The silver javelin pierces through the orb spider!!
The orb spider is heavily wounded.
The orb spider pulsates with a strange energy.
The orb of destruction hits you!!!
You die...

### #..##
#([.^#
#......
.s.....
.○.>...
##○......
#@☼......
#.†......
#........
#........
#........
#......##
##.#####
..


You could see an orb spider (soul bound, charged).

Vanquished Creatures
  Arachne (Spider:2)
  Jorgrun (D:12)
  A kraken (Shoals:1)
  Kirke (D:15)
  A ghost moth (Spider:2)
  2 broodmothers
  An entropy weaver (Spider:3)
  2 spark wasps (D:15)
  3 fire dragons (D:15)
  A merfolk impaler (Shoals:1)
  Josephine (D:10)
  A great orb of eyes (D:15)
  2 jorogumos (Spider:2)
  Fannar (D:10)
  7 boulder beetles
  An ice dragon (D:15)
  16 hydras
  4 vault guards (D:13)
  A radroach (Spider:2)
  A catoblepas (Lair:6)
  7 centaur warriors
  2 ogre magi
  A death knight (D:13)
  8 death yaks
  2 deep troll shamans (D:15)
  5 orc high priests (Orc:2)
  A two-headed ogre (D:12)
  2 spriggan berserkers (D:15)
  Urug (Orc:1)
  Sonja (D:11)
  7 skeletal warriors
  2 pharaoh ants
  2 sun moths
  An iron troll (D:15)
  2 deep trolls
  2 steelbarb worms
  A sea snake (Shoals:1)
  2 wizards
  A deep elf archer (Volcano)
  5 orb spiders
  Pikel (D:6)
  2 orc knights
  5 harpies (Shoals:1)
  A necromancer (D:15)
  9 ugly things
  3 oklob plants (Lair:6)
  4 orc sorcerers
  13 wolf spiders
  4 fauns (Shoals:1)
  12 deep elf pyromancers
  A moth of wrath (Spider:2)
  6 manticores
  2 merfolk sirens (Shoals:1)
  2 black mambas
  14 elephants
  A naga mage (D:15)
  4 gargoyles
  A water nymph (Shoals:1)
  3 torpor snails
  6 rime drakes
  Maggie (D:7)
  13 cane toads
  10 demonic crawlers (Spider:1)
  9 komodo dragons
  An unseen horror (D:13)
  A kobold demonologist (D:10)
  A yaktaur (Shoals:1)
  3 trolls
  7 meliai
  9 merfolk (Shoals:1)
  A wind drake (Shoals:1)
  19 tarantellas
  10 polar bears
  8 hornets
  24 blink frogs
  11 slime creatures
  2 snapping turtles (Shoals:1)
  7 dream sheep
  12 jumping spiders
  14 spriggans
  16 culicivoras
  2 centaur simulacra (D:15)
  41 yaks
  5 large abominations (D:10)
  4 shadows
  5 water elementals
  7 wraiths
  5 fire elementals (Volcano)
  Eustachio (D:4)
  11 basilisks
  6 wyverns
  3 hogs (D:15)
  4 vampire mosquitoes (D:12)
  7 small abominations (D:10)
  A steam dragon (D:8)
  29 redbacks
  4 wargs
  An acid dragon (D:11)
  11 water moccasins
  6 hell hounds
  26 orc warriors
  A sky beast (D:6)
  An ice beast (D:7)
  4 black bears
  7 necrophages (Lair:3)
  4 boggarts (Lair:6)
  30 wolves
  9 ogres
  8 centaurs
  3 lemures (D:6)
  A phantom (D:5)
  A kobold brigand (D:7)
  11 bullfrogs
  4 scorpions
  10 killer bees
  7 howler monkeys
  7 centaur zombies
  A bullfrog zombie (D:5)
  2 hounds (D:6)
  4 centaur skeletons
  29 orc priests
  3 gnoll shamans
  A bullfrog skeleton (D:6)
  An iguana (D:7)
  Natasha (thrice) (D:4)
  27 orc wizards
  10 hell rats
  A killer bee zombie (D:7)
  A howler monkey zombie (D:5)
  4 adders
  31 gnolls
  13 white imps
  2 ufetubi
  An adder zombie (D:5)
  A worm (D:3)
  3 dart slugs
  65 orcs
  9 ball pythons
  5 endoplasms
  3 giant cockroaches
  5 goblins
  5 hobgoblins
  4 jackals (D:2)
  7 kobolds
  2 quokkas
  7 bats
  6 frilled lizards
  8 rats
  A bush (Shoals:1)
  3 tentacles (Shoals:1)
932 creatures vanquished.

Vanquished Creatures (collateral kills)
  4 slime creatures (D:12)
  A shadow (D:12)
5 creatures vanquished.

Vanquished Creatures (others)
  A wizard (D:10)
  22 fungi
  21 plants
  5 tentacles (Shoals:1)
49 creatures vanquished.

Grand Total: 986 creatures vanquished

Notes
Turn   | Place    | Note
-------+----------+-------------------------------------------
     0 | D:1      | Ijustatesigmund the Hill Orc Fighter began the quest for
                  | the Orb.
     0 | D:1      | Reached XP level 1. HP: 19/19 MP: 1/1
    79 | D:1      | Reached XP level 2. HP: 24/27 MP: 2/2
    87 | D:1      | Reached skill level 4 in Fighting
   276 | D:1      | Found a faded altar of an unknown god.
   780 | D:1      | Reached XP level 3. HP: 14/33 MP: 3/3
  1213 | D:2      | Reached XP level 4. HP: 35/41 MP: 4/4
  1354 | D:2      | Reached skill level 5 in Axes
  1457 | D:2      | Reached XP level 5. HP: 26/47 MP: 5/5
  2025 | D:3      | Reached skill level 5 in Fighting
  2879 | D:4      | Reached XP level 6. HP: 55/56 MP: 6/6
  2936 | D:4      | Found a staircase to the Ecumenical Temple.
  2943 | D:4      | Noticed Natasha
  2962 | D:4      | Killed Natasha
  3179 | D:4      | Noticed Eustachio
  3194 | D:4      | Killed Eustachio
  3195 | D:4      | Reached skill level 6 in Fighting
  3195 | D:4      | Reached XP level 7. HP: 52/63 MP: 7/7
  3891 | D:4      | Noticed Natasha
  3897 | D:4      | Killed Natasha
  3959 | D:4      | Noticed Natasha
  3968 | D:4      | Killed Natasha
  4145 | Temple   | Entered the Ecumenical Temple
  4651 | Temple   | Became a worshipper of Cheibriados the Contemplative
  4720 | D:5      | Entered Level 5 of the Dungeon
  4757 | D:5      | Reached skill level 1 in Invocations
  4865 | D:5      | Found Mivul's Lightly-Used Armoury.
  5206 | D:5      | Reached skill level 7 in Fighting
  5206 | D:5      | Reached XP level 8. HP: 52/73 MP: 9/9
  5495 | D:5      | Found a sacrificial altar of Ru.
  5499 | D:5      | Reached * piety under Cheibriados
  6083 | D:6      | Noticed Pikel
  6100 | D:6      | Killed Pikel
  6101 | D:6      | Reached skill level 8 in Fighting
  6101 | D:6      | Reached skill level 5 in Shields
  6322 | D:6      | Reached skill level 5 in Invocations
  6417 | D:6      | Reached XP level 9. HP: 77/81 MP: 12/12
  6969 | D:6      | Noticed a manticore
  7332 | D:6      | Killed a manticore
  7355 | D:6      | Reached ** piety under Cheibriados
  7533 | D:6      | Got the Tome of Glacial Battle Magic
  7907 | D:7      | Reached skill level 9 in Fighting
  8039 | D:7      | Reached skill level 10 in Axes
  8131 | D:7      | Noticed a hornet
  8131 | D:7      | Noticed a wizard
  8143 | D:7      | Killed a hornet
  8190 | D:7      | Killed a wizard
  8191 | D:7      | Reached skill level 10 in Fighting
  8191 | D:7      | Reached skill level 5 in Armour
  8191 | D:7      | Reached skill level 1 in Dodging
  8191 | D:7      | Reached XP level 10. HP: 91/93 MP: 15/15
  8565 | D:7      | Identified the +1 robe of Grand Creativity {Archmagi}
  8607 | D:7      | Noticed Maggie
  8621 | D:7      | Killed Maggie
  8864 | D:8      | Found Pegal's Magic Scroll Shop.
  8881 | D:8      | Reached *** piety under Cheibriados
  8911 | D:8      | Bought a scroll of teleportation for 42 gold pieces
  8911 | D:8      | Bought a scroll of blinking for 105 gold pieces
  9265 | D:8      | Reached skill level 11 in Fighting
 10051 | D:9      | Found a staircase to the Lair.
 10056 | D:9      | Identified the +3 kite shield of Chill Winds {rN++}
 10139 | D:9      | Reached **** piety under Cheibriados
 10532 | D:9      | Reached XP level 11. HP: 83/104 MP: 17/17
 10536 | D:9      | Reached skill level 12 in Fighting
 10968 | D:10     | Entered Level 10 of the Dungeon
 11022 | D:8      | Bought a scroll of identify for 28 gold pieces
 11146 | D:10     | Noticed Josephine
 11161 | D:10     | Killed Josephine
 11367 | D:10     | Found Jodaoqap's Magic Scroll Shop.
 11375 | D:10     | Bought a scroll of identify for 32 gold pieces
 11375 | D:10     | Bought a scroll of identify for 32 gold pieces
 11375 | D:10     | Bought a scroll of identify for 32 gold pieces
 11410 | D:10     | Reached skill level 13 in Fighting
 11782 | D:10     | Noticed Fannar
 11794 | D:10     | Killed Fannar
 11795 | D:10     | Reached skill level 14 in Fighting
 12050 | D:10     | Noticed a wizard
 12054 | D:10     | Killed a wizard
 12630 | D:10     | Reached skill level 15 in Fighting
 12826 | D:10     | Identified the +8 dagger of the Baking Lamprey {vorpal,
                  | rPois Str+6}
 12906 | D:11     | Found a staircase to the Orcish Mines.
 12919 | D:10     | Reached skill level 16 in Fighting
 13532 | D:11     | Noticed a six-headed hydra
 13543 | D:11     | Killed a six-headed hydra
 13544 | D:11     | Reached skill level 17 in Fighting
 13629 | D:11     | Noticed Sonja
 13630 | D:11     | Killed Sonja
 13631 | D:11     | Reached skill level 18 in Fighting
 13631 | D:11     | Reached XP level 12. HP: 127/127 MP: 13/19
 13722 | D:11     | Noticed a centaur warrior
 13731 | D:11     | Killed a centaur warrior
 13969 | D:11     | Noticed an ogre mage
 13976 | D:11     | Killed an ogre mage
 13979 | D:11     | Identified the +5 morningstar of the Wizarding Spider
                  | {drain, +Blink rF+}
 14074 | D:11     | Noticed an eight-headed hydra
 14080 | D:11     | Killed an eight-headed hydra
 14081 | D:11     | Reached skill level 19 in Fighting
 14291 | D:12     | Noticed Jorgrun
 14315 | D:12     | Noticed a two-headed ogre
 14378 | D:12     | Reached skill level 10 in Invocations
 14731 | Lair:1   | Entered Level 1 of the Lair of Beasts
 15826 | Lair:2   | Reached XP level 13. HP: 137/137 MP: 21/21
 15830 | Lair:2   | Reached ***** piety under Cheibriados
 16003 | Lair:2   | Found a dark tunnel.
 16016 | Volcano  | Entered a volcano
 16083 | Volcano  | Reached skill level 10 in Armour
 17756 | Lair:3   | Identified a scroll of acquirement
 17756 | Lair:3   | Acquired a manual of Armour
 18320 | Lair:3   | You fall into a shaft and drop 1 floor!
 18337 | Lair:4   | Reached skill level 15 in Axes
 19106 | Lair:4   | Found a staircase to the Shoals.
 19293 | Lair:4   | Reached XP level 14. HP: 146/146 MP: 24/24
 19640 | Lair:4   | Found a hole to the Spider Nest.
 21097 | Lair:5   | Reached ****** piety under Cheibriados
 22019 | Lair:6   | Entered Level 6 of the Lair of Beasts
 22026 | Lair:6   | Reached skill level 1 in Throwing
 22330 | Lair:6   | Found a staircase to the Slime Pits.
 22746 | Lair:6   | Reached skill level 1 in Evocations
 23022 | Lair:6   | Reached skill level 15 in Invocations
 23254 | Lair:6   | Reached XP level 15. HP: 134/152 MP: 26/26
 23308 | Lair:6   | Identified the amulet of Maonan {rElec rF+ rC- Regen+}
 24145 | Orc:1    | Entered Level 1 of the Orcish Mines
 24218 | Orc:1    | Noticed Urug
 24223 | Orc:1    | Paralysed by an orc sorcerer for 2 turns
 24232 | Orc:1    | Killed Urug
 24503 | Orc:2    | Entered Level 2 of the Orcish Mines
 24503 | Orc:2    | Found a staircase to the Elven Halls.
 24503 | Orc:2    | Found a burning altar of Makhleb.
 24685 | Orc:2    | Reached skill level 15 in Armour
 26006 | Orc:2    | Found Cituebly's Distillery.
 26006 | Orc:2    | Found Qiehoeq's Weapon Shop.
 26007 | Orc:2    | Found Kathinaaj's Distillery.
 26011 | Orc:2    | Found Ycounu's Antique Armour Boutique.
 26021 | Orc:2    | Bought a runed helmet for 150 gold pieces
 26021 | Orc:2    | Bought a glowing scarf for 160 gold pieces
 26025 | Orc:2    | Bought a potion of heal wounds for 65 gold pieces
 26027 | Orc:2    | Bought a potion of might for 44 gold pieces
 26027 | Orc:2    | Bought a potion of curing for 33 gold pieces
 26027 | Orc:2    | Bought a potion of berserk rage for 55 gold pieces
 26260 | D:12     | Killed Jorgrun
 26261 | D:12     | Reached skill level 5 in Evocations
 27314 | D:13     | Found a gate to the Vaults.
 28420 | D:13     | Reached XP level 16. HP: 139/161 MP: 28/28
 29166 | D:14     | Found a roughly hewn altar of Beogh.
 30289 | D:15     | Entered Level 15 of the Dungeon
 30289 | D:15     | Found Gozag's Platinum Reserve.
 30686 | D:15     | Reached skill level 20 in Fighting
 31109 | D:15     | Found an opulent altar of Gozag.
 31278 | D:15     | Found a staircase to the Depths.
 31361 | D:15     | Noticed Kirke
 31840 | D:15     | Noticed a sphinx
 31844 | D:15     | Noticed a sphinx
 32289 | D:15     | Killed Kirke
 32790 | Shoals:1 | Entered Level 1 of the Shoals
 33566 | Shoals:1 | Noticed a kraken
 33580 | Shoals:1 | Killed a kraken
 33581 | Shoals:1 | Reached skill level 5 in Dodging
 34178 | Shoals:1 | Upgraded the game from 0.28-a0-1292-gb4563b27b3 to
                  | 0.28-a0-1389-gc726bef33b
 34533 | Spider:1 | Entered Level 1 of the Spider Nest
 34574 | Spider:1 | Reached XP level 17. HP: 158/171 MP: 30/30
 36185 | Depths:1 | Entered Level 1 of the Depths
 36795 | D:15     | HP: 8/171 [ice dragon/blast of cold (20)]
 37920 | Spider:2 | Noticed Arachne
 39533 | Spider:2 | Killed Arachne
 40871 | Spider:3 | Blown up by an orb spider

Illustrated notes

Levels and vault maps discovered:
D:1:      sevenhm_arrival_forest_fort_large_4, layout_basic,
          chequers_ecumenical_altar_island, lemuel_old_faithful
D:2:      layout_basic
D:3:      layout_basic, dk_vineyard_3, kennysheep_generic_room_5
D:4:      layout_gridville, minmay_temple_entry_sparse_star,
          kennysheep_minor_cross, uniq_natasha, uniq_eustachio
D:5:      layout_cave_pods, mainiacjoe_overflow_alcove_2, minmay_shop_damaged,
          grunt_decor_arrowhead
D:6:      layout_basic, minmay_manual_maat, uniq_pikel
D:7:      cheibrodos_wizards_tower, layout_basic,
          hangedman_abyss_or_decor_passed, uniq_maggie
D:8:      layout_loops_cross, serial_shops, nicolae_shop_stone
D:9:      layout_irregular_city, dpeg_oklobed_lair
D:10:     layout_long_grid, serial_shops, shop, laboratory, uniq_josephine,
          uniq_fannar
D:11:     minmay_wavy_crystal, layout_long_grid, david_orc_3,
          chequers_serial_rivers_micro_a, uniq_sonja
D:12:     layout_roguey, uniq_jorgrun
D:13:     layout_irregular_city, lightli_vaults_fourway_checkpoint,
          portal_ice_cave_entry_imps
D:14:     layout_layer_cave, skrybe_limestone_x, special_room [special_room_orc]
D:15:     grunt_enter_depths_magical_seal, layout_basic, special_room
          [special_room_mythical_zoo], nicolae_gozag_zags_fifth_avenue,
          uniq_kirke
Temple:   mainiacjoe_temple_starburst
Lair:1:   layout_regular_city, lemuel_fruit_tree
Lair:2:   layout_hall_layers, nicolae_volcano_entry_hallway
Lair:3:   layout_layer_cave, minmay_holes, roderic_carrion_pond
Lair:4:   layout_concentric_octagons, shoals_dummy_entry,
          nicolae_spider_entry_orb_guardian, serial_rivers,
          chequers_serial_rivers_small_b, chequers_serial_rivers_large_a,
          chequers_serial_rivers_micro_e, chequers_serial_rivers_small_3,
          chequers_serial_rivers_micro_b, beast_lair_carwin_6
Lair:5:   layout_layer_cave, grunt_forest_small_clearing_treed
Lair:6:   minmay_lair_end_enchanted_forest, layout_cave_pods,
          minmay_slime_entry_oklob_enclosed, grunt_megastairs_5
Shoals:1: layout_shoals, yaktaur_hedge
Spider:1: layout_spider_delve, worms_lemuel
Spider:2: layout_spider_delve, spiders_nest_hornet_nest,
          hangedman_spider_tarantella_strand, nicolae_spider_cling_halls,
          uniq_arachne
Spider:3: layout_cave_pods, guppyfry_hornet_nest
Orc:1:    layout_diamond_mine, nicolae_orc_rockfall, uniq_urug
Orc:2:    st_orc_mages, layout_caves, bloody_makhleb
Depths:1: layout_cave_pools, enter_ziggurat_f, hell_entry, abyss_entry,
          minmay_misc_feat_four_crosses, kennysheep_inner_square

Skill      XL: |  1  2  3  4  5  6  7  8  9 10 11 12 13 14 15 16 17 |
---------------+----------------------------------------------------+-----
Axes           | 3 4 5 6 7 8 10 11 12 13 15 16 18 19 | 19.6
Fighting       | 4 5 6 7 8 10 11 18 19 20 | 20.8
Armour         | 4 5 6 7 9 11 14 16 17 18 | 18.4
Invocations    | 2 5 7 9 11 13 15 16 18 19 | 19.5
Shields        | 4 5 6 8 9 |  9.7
Dodging        | 1 3 4 5 6 |  6.6
Throwing       | 2 |  2.0
Evocations     | 3 5 |  5.0

Action                   |  1- 3 |  4- 6 |  7- 9 | 10-12 | 13-15 | 16-18 || total
-------------------------+-------+-------+-------+-------+-------+-------++-------
Melee: War axe           |    78 |   144 |   276 |   441 |   955 |   818 ||  2712
       Morningstar       |       |       |       |     8 |    44 |    24 ||    76
       Unarmed           |       |       |       |       |       |     3 ||     3
Throw: Throwing net      |       |       |       |     1 |       |       ||     1
       Javelin           |       |       |       |       |       |     4 ||     4
Invok: Bend Time         |       |       |     1 |     4 |     1 |     5 ||    11
       Slouch            |       |       |       |     4 |     4 |     8 ||    16
       Temporal Distorti |       |       |       |       |     1 |     1 ||     2
Evoke: Wand              |       |       |       |     4 |    11 |    20 ||    35
       Lightning rod     |       |       |       |       |     1 |       ||     1
  Use: Scroll            |       |     5 |     4 |    20 |    11 |     9 ||    49
       Potion            |       |     1 |     4 |     1 |    10 |     3 ||    19
 Stab: Paralysed         |       |       |       |       |       |     4 ||     4
Armor: Scale mail        |    16 |       |       |       |       |       ||    16
       Plate armour      |    29 |   113 |    21 |       |       |       ||   163
       Chain mail        |       |       |   171 |   260 |   349 |   476 ||  1256
Dodge: Dodged            |    27 |    61 |    83 |   162 |   386 |   636 ||  1355
Block: Buckler           |    14 |    26 |       |       |       |       ||    40
       Kite shield       |       |     6 |   160 |   340 |   803 |   984 ||  2293

Table legend: (Time is in decaauts)
 A = Elapsed time spent in this place.
 B = Non-inter-level travel time spent in this place.
 C = Inter-level travel time spent in this place.
 D = Time resting spent in this place.
 E = Time spent auto-exploring this place.
 F = Levels seen in this place.
 G = Mean time per level.
                   A        B        C        D        E       F      G
               +--------+--------+--------+--------+--------+-----+--------+
         Total |  55057 |  50423 |   4634 |  11734 |  31534 |  30 | 1835.2 |
       Dungeon |  28861 |  26803 |   2058 |   6911 |  16189 |  15 | 1924.1 |
        Temple |    572 |    465 |    107 |      0 |    447 |   1 |  572.0 |
          Lair |  15415 |  13566 |   1849 |   1685 |  10307 |   6 | 2569.2 |
        Shoals |   1730 |   1574 |    156 |    328 |    980 |   1 | 1730.0 |
   Spider Nest |   5059 |   4867 |    192 |   2049 |   1963 |   3 | 1686.3 |
  Orcish Mines |   2791 |   2521 |    270 |    497 |   1567 |   2 | 1395.5 |
        Depths |     28 |     28 |      0 |      0 |      0 |   1 |   28.0 |
       Volcano |    597 |    597 |      0 |    263 |     79 |   1 |  597.0 |
               +--------+--------+--------+--------+--------+-----+--------+

Top non-repeatable levels by time:
    D:15: 4676 daAuts
  Lair:4: 3620 daAuts
    D:10: 3073 daAuts
    D:14: 2933 daAuts
  Lair:6: 2869 daAuts
Spider:1: 2641 daAuts
  Lair:3: 2466 daAuts
  Lair:2: 2205 daAuts
     D:6: 2185 daAuts
    D:13: 2132 daAuts
  Lair:5: 2130 daAuts
  Lair:1: 2122 daAuts
    D:11: 1848 daAuts
Spider:2: 1838 daAuts
    D:12: 1748 daAuts
